| TOP OF THE 1ST |
|
University of Arizona Wildcats batting - Pitching for UCLA Bruins : LHP Daniel McConnell
|
|
Pitching: LHP Daniel McConnell
|
|
|
Batting: LHB Jere Paatelainen
|
0-0: Called Strike 0-1: Foul Ball, location: 2F 0-2: SINGLE (Groundball, 34D, EV 102.5 MPH)
|
|
Batting: RHB Eddy Amaya
|
0-0: Foul Ball, location: 2F 0-1: Called Strike 0-2: Ball 1-2: Foul Ball, location: 2F 1-2: Foul Ball, location: 2F 1-2: Ball 2-2: Fly out, F7 (Flyball, 7D, EV 102.5 MPH)
|
|
Batting: RHB Ron Dondale
|
0-0: Called Strike Jere Paatelainen steals 2nd base 0-1: Called Strike 0-2: Ball 1-2: Ball 2-2: SINGLE (Groundball, 56S, EV 69.4 MPH) (infield hit) Jere Paatelainen to third
|
|
Batting: LHB Gerald Thornton
|
0-0: Ball 1-0: Fly out, F3 (Line Drive, 3, EV 73.8 MPH) Lined into DP, U3 (Line Drive, 3, EV 71.2 MPH)
|
| Top of the 1st over - 0 runs, 2 hits, 0 errors, 1 left on base; University of Arizona 0 - UCLA 0 |
| BOTTOM OF THE 1ST |
|
UCLA Bruins batting - Pitching for University of Arizona Wildcats : RHP Brad Brooks
|
|
Pitching: RHP Brad Brooks
|
|
|
Batting: LHB Mark Cummings
|
0-0: Ball 1-0: Ball 2-0: Foul Ball, location: 2F 2-1: Foul Ball, location: 2F 2-2: SINGLE (Line Drive, 6MD, EV 93.8 MPH)
|
|
Batting: RHB Andy Knerr
|
0-0: Fly out, F8 (Line Drive, 8LM, EV 95.0 MPH)
|
|
Batting: RHB Issac Konol
|
0-0: Fly out, F8 (Flyball, 8RM, EV 80.0 MPH)
|
|
Batting: RHB Ethan Krause
|
0-0: Called Strike 0-1: Swinging Strike 0-2: Ball 1-2: Strikes out swinging
|
| Bottom of the 1st over - 0 runs, 1 hit, 0 errors, 1 left on base; University of Arizona 0 - UCLA 0 |
| TOP OF THE 2ND |
|
University of Arizona Wildcats batting - Pitching for UCLA Bruins : LHP Daniel McConnell
|
|
Batting: RHB Ricardo Fernandez
|
0-0: Foul Ball, location: 2F 0-1: Ground out 6-3 (Groundball, 6, EV 78.8 MPH)
|
|
Batting: RHB Larry Harlow
|
0-0: Called Strike 0-1: Swinging Strike 0-2: Ball 1-2: Ground out 5-3 (Groundball, 5, EV 77.5 MPH)
|
|
Batting: RHB Carlos Maravilla
|
0-0: Called Strike 0-1: Ball 1-1: Ball 2-1: Ground out 6-3 (Groundball, 6, EV 103.1 MPH)
|
| Top of the 2nd over - 0 runs, 0 hits, 0 errors, 0 left on base; University of Arizona 0 - UCLA 0 |
| BOTTOM OF THE 2ND |
|
UCLA Bruins batting - Pitching for University of Arizona Wildcats : RHP Brad Brooks
|
|
Batting: SHB Sean Munns
|
0-0: Called Strike 0-1: Foul Ball, location: 2F 0-2: Strikes out swinging
|
|
Batting: LHB Scott Mullett
|
0-0: Swinging Strike 0-1: Ball 1-1: Swinging Strike 1-2: Strikes out looking
|
|
Batting: SHB Mike Beck
|
0-0: Fly out, F8 (Flyball, 8LM, EV 83.8 MPH)
|
| Bottom of the 2nd over - 0 runs, 0 hits, 0 errors, 0 left on base; University of Arizona 0 - UCLA 0 |
| TOP OF THE 3RD |
|
University of Arizona Wildcats batting - Pitching for UCLA Bruins : LHP Daniel McConnell
|
|
Batting: SHB Pat Kidd
|
0-0: Ball 1-0: Ball 2-0: Foul Ball, location: 2F 2-1: Ball 3-1: Called Strike 3-2: Strikes out swinging
|
|
Batting: LHB Victor Silva
|
0-0: Called Strike 0-1: Ball 1-1: Foul Ball, location: 2F 1-2: Strikes out swinging
|
|
Batting: LHB Jere Paatelainen
|
0-0: Foul Ball, location: 2F 0-1: Ball 1-1: Foul Ball, location: 2F 1-2: Ground out U3 (Groundball, 3, EV 85.6 MPH)
|
| Top of the 3rd over - 0 runs, 0 hits, 0 errors, 0 left on base; University of Arizona 0 - UCLA 0 |
| BOTTOM OF THE 3RD |
|
UCLA Bruins batting - Pitching for University of Arizona Wildcats : RHP Brad Brooks
|
|
Batting: RHB Pete Devaux
|
0-0: Ball 1-0: Ball 2-0: Fly out, F9 (Line Drive, 89M, EV 89.4 MPH)
|
|
Batting: SHB Steve Fouhy
|
0-0: SINGLE (Groundball, 6MD, EV 101.2 MPH)
|
|
Batting: LHB Mark Cummings
|
0-0: Called Strike 0-1: Foul Ball, location: 2F 0-2: Ball 1-2: Ball 2-2: Foul Ball, location: 2F 2-2: Ball 3-2: Foul Ball, location: 2F 3-2: Fly out, F7 (Line Drive, 7, EV 96.2 MPH)
|
|
Batting: RHB Andy Knerr
|
0-0: Called Strike 0-1: Ball 1-1: Ball 2-1: Ball 3-1: Base on Balls Steve Fouhy to second
|
|
Batting: RHB Issac Konol
|
0-0: Foul Ball, location: 2F 0-1: SINGLE (Groundball, 6MD, EV 103.1 MPH) Steve Fouhy to third Andy Knerr to second Runner from 3rd tries for Home, SAFE, throw by CF to home
|
|
Batting: RHB Ethan Krause
|
0-0: Ball 1-0: Called Strike 1-1: Called Strike 1-2: Foul Ball, location: 2F 1-2: Ball 2-2: DOUBLE (Flyball, 89D, EV 94.4 MPH) Andy Knerr scores Issac Konol to third Runner from 3rd tries for Home, SAFE, throw by RF to home
|
|
Batting: SHB Sean Munns
|
0-0: Ball 1-0: Foul Ball, location: 2F 1-1: Ball 2-1: SINGLE (Line Drive, 6MD, EV 95.0 MPH) Ethan Krause to third
|
|
Batting: LHB Scott Mullett
|
0-0: Ball 1-0: Ball 2-0: Called Strike 2-1: Swinging Strike 2-2: SINGLE (Groundball, 56D, EV 107.5 MPH) Ethan Krause scores Sean Munns to second
|
|
Batting: SHB Mike Beck
|
0-0: Fly out, F7 (Flyball, 78S, EV 91.2 MPH)
|
| Bottom of the 3rd over - 4 runs, 5 hits, 0 errors, 2 left on base; University of Arizona 0 - UCLA 4 |
| TOP OF THE 4TH |
|
University of Arizona Wildcats batting - Pitching for UCLA Bruins : LHP Daniel McConnell
|
|
Batting: RHB Eddy Amaya
|
0-0: Ball 1-0: Called Strike 1-1: Called Strike 1-2: Foul Ball, location: 2F 1-2: Ground out 6-3 (Groundball, 6MS, EV 90.6 MPH)
|
|
Batting: RHB Ron Dondale
|
0-0: Called Strike 0-1: Called Strike 0-2: Ball 1-2: Foul Ball, location: 2F 1-2: Ball 2-2: SINGLE (Line Drive, 6D, EV 99.4 MPH)
|
|
Batting: LHB Gerald Thornton
|
0-0: Ball Ron Dondale steals 2nd base 1-0: Called Strike 1-1: Ball 2-1: Foul Ball, location: 2F 2-2: Ball 3-2: Foul Ball, location: 2F 3-2: Fly out, F6 (Popup, 6MD, EV 46.9 MPH)
|
|
Batting: RHB Ricardo Fernandez
|
0-0: Called Strike 0-1: Swinging Strike 0-2: Ball 1-2: Foul Ball, location: 2F 1-2: Strikes out swinging
|
| Top of the 4th over - 0 runs, 1 hit, 0 errors, 1 left on base; University of Arizona 0 - UCLA 4 |
| BOTTOM OF THE 4TH |
|
UCLA Bruins batting - Pitching for University of Arizona Wildcats : RHP Brad Brooks
|
|
Batting: RHB Pete Devaux
|
0-0: Ball 1-0: Called Strike 1-1: Ball 2-1: Foul Ball, location: 2F 2-2: Strikes out swinging
|
|
Batting: SHB Steve Fouhy
|
0-0: Ball 1-0: Foul Ball, location: 2F 1-1: Foul Ball, location: 2F 1-2: Ball 2-2: Strikes out looking
|
|
Batting: LHB Mark Cummings
|
0-0: Foul Ball, location: 2F 0-1: Ball 1-1: Foul Ball, location: 2F 1-2: Ball 2-2: Ground out 4-3 (Groundball, 4, EV 86.9 MPH)
|
| Bottom of the 4th over - 0 runs, 0 hits, 0 errors, 0 left on base; University of Arizona 0 - UCLA 4 |
| TOP OF THE 5TH |
|
University of Arizona Wildcats batting - Pitching for UCLA Bruins : LHP Daniel McConnell
|
|
Batting: RHB Larry Harlow
|
0-0: Called Strike 0-1: Ground out 5-3 (Groundball, 56, EV 91.9 MPH)
|
|
Batting: RHB Carlos Maravilla
|
0-0: Called Strike 0-1: Foul Ball, location: 2F 0-2: Foul Ball, location: 2F 0-2: Ball 1-2: Ball 2-2: SINGLE (Line Drive, 78M, EV 110.0 MPH)
|
|
Batting: SHB Pat Kidd
|
0-0: Ball 1-0: Grounds into double play, 4-6-3 (Groundball, 4, EV 78.1 MPH)
|
| Top of the 5th over - 0 runs, 1 hit, 0 errors, 0 left on base; University of Arizona 0 - UCLA 4 |
| BOTTOM OF THE 5TH |
|
UCLA Bruins batting - Pitching for University of Arizona Wildcats : RHP Brad Brooks
|
|
Batting: RHB Andy Knerr
|
0-0: Ball 1-0: Foul Ball, location: 2F 1-1: Called Strike 1-2: SINGLE (Line Drive, 78S, EV 88.8 MPH)
|
|
Batting: RHB Issac Konol
|
0-0: Ball 1-0: Called Strike 1-1: Ball 2-1: Foul Ball, location: 2F 2-2: Strikes out swinging
|
|
Batting: RHB Ethan Krause
|
0-0: Fly out, F7 (Line Drive, 7, EV 84.4 MPH)
|
|
Batting: SHB Sean Munns
|
0-0: Ball 1-0: Called Strike 1-1: DOUBLE (Flyball, 7LD, EV 99.4 MPH) Andy Knerr to third Runner from 3rd tries for Home, throw by LF and OUT! 7-6-2
|
| Bottom of the 5th over - 0 runs, 2 hits, 0 errors, 1 left on base; University of Arizona 0 - UCLA 4 |
| TOP OF THE 6TH |
|
University of Arizona Wildcats batting - Pitching for UCLA Bruins : LHP Daniel McConnell
|
|
Batting: LHB Victor Silva
|
0-0: Called Strike 0-1: Ground out 5-3 (Groundball, 5, EV 84.4 MPH)
|
|
Batting: LHB Jere Paatelainen
|
0-0: Ground out 4-3 (Groundball, 4, EV 85.0 MPH)
|
|
Batting: RHB Eddy Amaya
|
0-0: Fly out, F7 (Line Drive, 78M, EV 102.5 MPH)
|
| Top of the 6th over - 0 runs, 0 hits, 0 errors, 0 left on base; University of Arizona 0 - UCLA 4 |
| BOTTOM OF THE 6TH |
|
UCLA Bruins batting - Pitching for University of Arizona Wildcats : RHP Brad Brooks
|
|
Batting: LHB Scott Mullett
|
0-0: Fly out, F8 (Flyball, 8LD, EV 95.6 MPH)
|
|
Batting: SHB Mike Beck
|
0-0: Ball 1-0: Fly out, F9 (Flyball, 9, EV 83.1 MPH)
|
|
Batting: RHB Pete Devaux
|
0-0: Ball 1-0: Ball 2-0: Fly out, F7 (Flyball, 7LM, EV 80.0 MPH)
|
| Bottom of the 6th over - 0 runs, 0 hits, 0 errors, 0 left on base; University of Arizona 0 - UCLA 4 |
| TOP OF THE 7TH |
|
University of Arizona Wildcats batting - Pitching for UCLA Bruins : LHP Daniel McConnell
|
|
Batting: RHB Ron Dondale
|
0-0: Called Strike 0-1: Ball 1-1: Ball 2-1: Fly out, F8 (Flyball, 8LD, EV 103.1 MPH)
|
|
Pitching: RHP Carlos Rodriguez
|
|
|
Batting: LHB Gerald Thornton
|
0-0: Called Strike 0-1: Foul Ball, location: 2F 0-2: Ball 1-2: Ball 2-2: Foul Ball, location: 2F 2-2: Foul Ball, location: 2F 2-2: Foul Ball, location: 2F 2-2: Ball 3-2: Strikes out swinging, 2-3 out at first.
|
|
Batting: RHB Ricardo Fernandez
|
0-0: Ball 1-0: Ball 2-0: Foul Ball, location: 2F 2-1: Foul Ball, location: 2F 2-2: Ball 3-2: Foul Ball, location: 2F 3-2: Strikes out swinging, 2-3 out at first.
|
| Top of the 7th over - 0 runs, 0 hits, 0 errors, 0 left on base; University of Arizona 0 - UCLA 4 |
| BOTTOM OF THE 7TH |
|
UCLA Bruins batting - Pitching for University of Arizona Wildcats : RHP Brad Brooks
|
|
Pitching: RHP Steve Smit
|
|
|
Batting: SHB Steve Fouhy
|
0-0: Ball 1-0: Fly out, F7 (Line Drive, 7, EV 98.8 MPH)
|
|
Batting: LHB Mark Cummings
|
0-0: Ball 1-0: Foul Ball, location: 2F 1-1: Foul Ball, location: 2F 1-2: Strikes out swinging
|
|
Batting: RHB Andy Knerr
|
0-0: Ball 1-0: Ball 2-0: Swinging Strike 2-1: Fly out, F8 (Flyball, 89M, EV 78.1 MPH)
|
| Bottom of the 7th over - 0 runs, 0 hits, 0 errors, 0 left on base; University of Arizona 0 - UCLA 4 |
| TOP OF THE 8TH |
|
University of Arizona Wildcats batting - Pitching for UCLA Bruins : RHP Carlos Rodriguez
|
|
Pitching: LHP Joe Landgraff
|
|
|
Batting: RHB Larry Harlow
|
0-0: Ball 1-0: Ground out 6-3 (Groundball, 6, EV 100.0 MPH)
|
|
Batting: RHB Carlos Maravilla
|
0-0: Called Strike 0-1: Foul Ball, location: 2F 0-2: Ball 1-2: Strikes out swinging
|
|
Pinch Hitting: LHB Lihau Keawe
|
0-0: Swinging Strike 0-1: Swinging Strike 0-2: Ball 1-2: Strikes out swinging
|
| Top of the 8th over - 0 runs, 0 hits, 0 errors, 0 left on base; University of Arizona 0 - UCLA 4 |
| BOTTOM OF THE 8TH |
|
UCLA Bruins batting - Pitching for University of Arizona Wildcats : RHP Steve Smit
|
|
Pitching: RHP Steve Wiest
|
|
|
Now in RF: Lihau Keawe
|
|
|
Batting: RHB Issac Konol
|
0-0: Fly out, F8 (Flyball, 8RM, EV 80.6 MPH)
|
|
Batting: LHB Young-lau Seow
|
0-0: Ball 1-0: Ball 2-0: Ball 3-0: Called Strike 3-1: Called Strike 3-2: Strikes out swinging
|
|
Batting: SHB Sean Munns
|
0-0: Ball 1-0: Ball 2-0: Foul Ball, location: 2F 2-1: Fly out, F9 (Flyball, 89D, EV 103.8 MPH)
|
| Bottom of the 8th over - 0 runs, 0 hits, 0 errors, 0 left on base; University of Arizona 0 - UCLA 4 |
| TOP OF THE 9TH |
|
University of Arizona Wildcats batting - Pitching for UCLA Bruins : LHP Joe Landgraff
|
|
Pitching: RHP Juan Zatarain
|
|
|
Batting: LHB Victor Silva
|
0-0: Called Strike 0-1: Ball 1-1: Ground out U3 (Groundball, 34S, EV 84.4 MPH)
|
|
Batting: LHB Jere Paatelainen
|
0-0: Ball 1-0: Ball 2-0: SINGLE (Groundball, 34D, EV 103.8 MPH)
|
|
Batting: RHB Eddy Amaya
|
0-0: Foul Ball, location: 2F 0-1: Foul Ball, location: 2F 0-2: SINGLE (Line Drive, 4MD, EV 103.8 MPH) Jere Paatelainen to second
|
|
Pitching: RHP Kyle Mann
|
|
|
Batting: RHB Ron Dondale
|
0-0: Ball 1-0: Ball 2-0: Called Strike 2-1: Fly out, F7 (Flyball, 7S, EV 88.8 MPH)
|
|
Batting: LHB Gerald Thornton
|
0-0: SINGLE (Line Drive, 78S, EV 92.5 MPH) Jere Paatelainen to third Eddy Amaya to second
|
|
Batting: RHB Ricardo Fernandez
|
0-0: Called Strike 0-1: Fly out, F8 (Flyball, 89M, EV 85.0 MPH)
|
| Top of the 9th over - 0 runs, 3 hits, 0 errors, 3 left on base; University of Arizona 0 - UCLA 4 |
|